 Dungeon Crawl Stone Soup version 0.30-a0-718-geaa24f58ff (webtiles) character file.

Game seed: 8022213339148832883

166 testman the Trooper (level 5, -2/41 HPs)
             Began as a Demonspawn Gladiator on Jan 25, 2023.
             Slain by a gnoll
             ... wielding a +0 whip
              (8 damage)
             ... on level 3 of the Dungeon.
             The game lasted 00:06:55 (2480 turns).

testman the Trooper (Demonspawn Gladiator)          Turns: 2480, Time: 00:06:56

Health: -2/41      AC:  8    Str: 16    XL:     5   Next: 22%
Magic:  5/5        EV: 13    Int:  9    God:
Gold:   219        SH:  4    Dex: 15    Spells: 4/4 levels left

rFire   . . .      SeeInvis .    a - +0 flail
rCold   . . .      Faith    +    (no shield)
rNeg    . . .      Spirit   .    b - +0 leather armour
rPois   .          Reflect  .    (helmet restricted)
rElec   .          Harm     .    u - +0 cloak
rCorr   .          Rampage  .    o - +0 pair of gloves
Will    .....                    g - +2 pair of boots
Stlth   +                        p - amulet of faith
HPRegen 0.26/turn                (no ring)
MPRegen 0.09/turn                (no ring)

@: no status effects
A: hooves 2, horns 1, condensation shield
a: no special abilities


You were on level 3 of the Dungeon.
You visited 1 branch of the dungeon, and saw 3 of its levels.

You collected 219 gold pieces.

Inventory:

Hand Weapons
 a - a +0 flail (weapon)
Missiles
 d - 3 throwing nets (quivered)
 e - a javelin
Armour
 b - a +0 leather armour (worn)
 g - a +2 pair of boots (worn)
 o - a +0 pair of gloves (worn)
 u - a +0 cloak (worn)
Jewellery
 p - an amulet of faith (around neck)
Scrolls
 c - a scroll of enchant weapon {unknown}
 f - 2 scrolls of torment {unknown}
 i - 4 scrolls of immolation {unknown}
 j - a scroll of identify {unknown}
 q - 2 scrolls of butterflies {unknown}
 t - a scroll of enchant armour {unknown}
 v - 3 scrolls of fog {unknown}
Potions
 h - a potion of brilliance {unknown}
 k - 3 potions of cancellation {unknown}
 l - 3 potions of attraction {unknown}
 m - a potion of might {unknown}
 n - a potion of haste {unknown}
 r - a potion of curing
 s - a potion of heal wounds {unknown}


   Skills:
 + Level 3.5 Fighting
 - Level 2.6 Maces & Flails
 + Level 3.1 Throwing
 + Level 1.3 Armour
 - Level 3.4 Dodging


You had 4 spell levels left.
You didn't know any spells.
Your spell library contained the following spells:

 Spells                   Type           Power      Damage    Failure   Level
 Kiss of Death            Conj/Necr      0%         2d5       45%         1
 Lesser Beckoning         Tloc           0%         N/A       58%         2
 Confusing Touch          Hex            0%         N/A       83%         3
 Gell's Gravitas          Tloc           0%         N/A       83%         3
 Teleport Other           Tloc           0%         N/A       83%         3
 Dispel Undead            Necr           0%         3d6       99%         4


Dungeon Overview and Level Annotations

Branches:
Dungeon (3/15)

Altars:
Cheibriados
Trog


Innate Abilities, Weirdness & Mutations

You have hoof-like feet.
You have a pair of small horns on your head.
A meltable shield of frost defends you. (SH +4)


Message History

The gnoll hits you with a +0 spear.
You closely miss the gnoll. The gnoll completely misses you.
You barely miss the gnoll. The gnoll hits you with a +0 whip.
The gnoll barely misses you.
You closely miss the gnoll. You headbutt the gnoll.
The gnoll is lightly wounded.
The gnoll hits you with a +0 whip. The gnoll misses you.
You hit the gnoll.
The gnoll is severely wounded.
The gnoll hits you from afar with a +0 spear.
You block the gnoll's attack.
The gnoll hits you from afar with a +0 spear.
You block the gnoll's attack.
You are too injured to fight recklessly!
You are too injured to fight recklessly!
You are too injured to fight recklessly!
Sorry, you're not good enough to have a special ability.
You closely miss the gnoll. You headbutt the gnoll.
You kill the gnoll!
The gnoll hits you from afar with a +0 spear.
* * * LOW HITPOINT WARNING * * *
A gnoll comes into view. It is wielding a +0 whip.
The gnoll shouts!
The gnoll hits you but does no damage.
Things that are here:
a +0 whip; 9 gold pieces; a gnoll corpse You hit the gnoll.
You headbutt the gnoll.
The gnoll is heavily wounded.
The gnoll barely misses you. The gnoll misses you.
You hit the gnoll.
The gnoll is severely wounded.
The gnoll hits you but does no damage. You block the gnoll's attack.
You hit the gnoll.
The gnoll is almost dead.
The gnoll hits you but does no damage. The gnoll hits you with a +0 whip.
* * * LOW HITPOINT WARNING * * *
The gnoll hits you with a +0 spear.
* * * LOW HITPOINT WARNING * * *
The gnoll hits you with a +0 whip!
You die...

#...# #.##.#..... #...#
#.##.#..... #...#
#.##.#..#.. #...#
#.......... #...#
####.#...#. #...#
#.#...#. ############
#.#...#.
......gg#########.#.###.
#@#.........#....)
#.#.##############
#.#...............
######)################
#........# #...
#.####.#.## #.##
#.......# #.#. #[##....#
#.#. #.......# #.#.


You could see 2 gnolls.

Vanquished Creatures
  A hound (D:3)
  Robin (D:2)
  2 gnolls (D:3)
  3 adders
  2 dart slugs (D:2)
  An orc (D:3)
  7 endoplasms
  2 giant cockroaches
  13 goblins
  7 hobgoblins
  2 jackals (D:1)
  2 quokkas
  3 ball pythons
  8 bats
  A frilled lizard (D:1)
  8 kobolds
  7 rats
70 creatures vanquished.

Notes
Turn   | Place    | Note
-------+----------+-------------------------------------------
     0 | D:1      | testman the Demonspawn Gladiator began the quest for the
                  | Orb.
     0 | D:1      | Reached XP level 1. HP: 16/16 MP: 1/1
   145 | D:1      | Gained mutation: A meltable shield of frost defends you.
                  | (SH +4) [demonic ancestry]
   145 | D:1      | Reached XP level 2. HP: 5/22 MP: 2/2
   849 | D:2      | Discovered your monstrous ancestry.
   849 | D:2      | Gained mutation: You have a pair of small horns on your
                  | head. [demonic ancestry]
   849 | D:2      | Reached XP level 3. HP: 26/28 MP: 3/3
  1056 | D:2      | Noticed Robin
  1101 | D:2      | Killed Robin
  1102 | D:2      | Gained mutation: You have large cloven feet. [demonic
                  | ancestry]
  1102 | D:2      | Reached XP level 4. HP: 24/35 MP: 4/4
  1657 | D:3      | Found a bloodstained altar of Trog.
  1658 | D:3      | Found a snail-covered altar of Cheibriados.
  1689 | D:3      | Reached skill level 1 in Armour
  1883 | D:3      | Gained mutation: You have hoof-like feet. [demonic
                  | ancestry]
  1883 | D:3      | Reached XP level 5. HP: 35/41 MP: 5/5
  2480 | D:3      | Slain by a gnoll

Illustrated notes

Levels and vault maps discovered:
D:1:      reono_arrival_forest_river, layout_basic
D:2:      layout_loops_cross, uniq_robin
D:3:      layout_basic, jmf_multi_god_temple

Skill      XL: |  1  2  3  4 |
---------------+-------------+-----
Throwing       | 2 3 |  3.1
Dodging        | 3 |  3.4
Fighting       | 3 |  3.5
Armour         | 1 |  1.3
Maces & Flails | |  2.6

Action                     |  1- 3 |  4- 6 || total
---------------------------+-------+-------++-------
  Melee: Flail             |   156 |    89 ||   245
         Punch             |     3 |     1 ||     4
         Headbutt          |     7 |    16 ||    23
    Use: Potion            |     1 |       ||     1
 Armour: Leather armour    |    74 |    38 ||   112
  Dodge: Dodged            |   116 |    52 ||   168
  Block: Other             |    34 |    22 ||    56

Table legend: (Time is in decaauts)
 A = Elapsed time spent in this place.
 B = Non-inter-level travel time spent in this place.
 C = Inter-level travel time spent in this place.
 D = Time resting spent in this place.
 E = Time spent auto-exploring this place.
 F = Levels seen in this place.
 G = Mean time per level.
                   A        B        C        D        E       F      G
               +--------+--------+--------+--------+--------+-----+--------+
         Total |   2550 |   2469 |     81 |    103 |   1782 |   3 |  850.0 |
       Dungeon |   2550 |   2469 |     81 |    103 |   1782 |   3 |  850.0 |
               +--------+--------+--------+--------+--------+-----+--------+

Top non-repeatable levels by time:
     D:3: 855 daAuts
     D:2: 851 daAuts
     D:1: 843 daAuts
